 Dungeon Crawl Stone Soup version 0.31-a0-705-ga145531891 (webtiles) character file.

Game seed: 3850361037100159209

24 runemasterragnar the Ruffian (level 2, 0/36 HPs)
             Began as a Minotaur Shapeshifter on Sept 9, 2023.
             Was a Follower of Qazlal.
             Slain by Sigmund
             ... wielding a +0 vampiric scythe
              (5 damage)
             ... on level 2 of the Dungeon.
             The game lasted 00:01:17 (871 turns).

runemasterragnar the Ruffian (Minotaur Shapeshifter) Turns: 871, Time: 00:01:17

Health: 0/36       AC:  4    Str: 18    XL:     2   Next: 79%
Magic:  1/1        EV: 11    Int:  7    God:    Qazlal [*.....]
Gold:   78         SH:  1    Dex:  9    Spells: 1/1 levels left

rFire   . . .        i - +0 hand axe
rCold   + . .        (no shield)
rNeg    . . .        e - +1 leather armour {rC+}
rPois   .            (helmet currently unavailable)
rElec   .            (cloak currently unavailable)
rCorr   .            (gloves currently unavailable)
SInv    .            (boots currently unavailable)
Will    .....        (no amulet) Stlth
                     (no ring)
HPRegen 0.26/turn    (no ring)
MPRegen 0.07/turn

%: no passive effects
@: berserking, beast-form, very quick
A: beast (slay +1), horns 2, retaliatory headbutt
a: Begin Untransformation, Renounce Religion


You were on level 2 of the Dungeon.
You worshipped Qazlal.
Qazlal was aware of your devotion.
You were a hulking beast.
You visited 1 branch of the dungeon, and saw 2 of its levels.

You collected 78 gold pieces.

Inventory:

Hand Weapons
 i - a +0 hand axe (weapon)
Missiles
 h - 5 javelins
 o - 3 poisoned darts
Armour
 a - a +0 animal skin
 e - a +1 leather armour of cold resistance (worn)
Talismans
 c - a beast talisman (active)
 d - a flux talisman
Scrolls
 f - 4 scrolls of enchant weapon {unknown}
 j - 2 scrolls of identify {unknown}
 k - a scroll of teleportation {unknown}
 n - a scroll of silence {unknown}
Potions
 b - a potion of lignification
 l - a potion of attraction {unknown}
 m - a potion of cancellation {unknown}
 p - a potion of brilliance {unknown}
 q - a potion of ambrosia {unknown}
 r - a potion of degeneration {unknown}


   Skills:
 + Level 1.9 Fighting
 + Level 0.6 Axes
 - Level 2.1 Dodging
 + Level 3.6 Unarmed Combat
 + Level 0.0 Invocations
 * Level 2.8 Shapeshifting


You had one spell level left.
You didn't know any spells.
Your spell library was empty.

Dungeon Overview and Level Annotations

Branches:
Dungeon (2/15)

Altars:
Qazlal
Xom

Annotations:
D:2 Sigmund


Innate Abilities, Weirdness & Mutations

You are a hulking beast.
Your limbs bulge with bestial killing power. (Slay +1)
You have a pair of horns on your head.
You reflexively headbutt those who attack you in melee.


Message History

No target in view!
Found a shimmering altar of Xom.
r - a golden potion No target in view!
You hear a shout!
Sigmund the Dreaded comes into view.
He is wielding a +0 vampiric scythe and wearing a +2 robe of willpower.
You hear a shout!
Sigmund gestures at you while chanting.
You are confused.
You are too confused!
Sigmund is nearby!
You are too confused!
You are too confused!
Sigmund is nearby!
You are too confused!
You are too confused!
You're too confused to move!
Sigmund screams, "You will never...
NEVER!!!"
Sigmund closely misses you.
You bump into the rock wall.
Sigmund points at you and mumbles some strange words.
The magic dart hits you.
You bump into the rock wall.
Sigmund barely misses you.
You bump into the rock wall.
Sigmund hits you from afar with a +0 vampiric scythe!
You feel less confused.
It was a potion of berserk rage.
A red film seems to cover your vision as you go berserk!
You feel yourself moving faster!
You feel mighty! Sigmund hits you but does no damage.
You slash Sigmund! Your headbutt misses Sigmund.
Sigmund is moderately wounded.
Sigmund gestures at you while chanting. The puff of flame hits you!
* * * LOW HITPOINT WARNING * * *
You closely miss Sigmund. You headbutt Sigmund.
Sigmund is heavily wounded.
Sigmund hits you with a +0 vampiric scythe.
You die...
Sigmund begins carving another notch in his scythe.

.# . .# .. ##.#
... ...# ....####
#..#
?_.....########..#
#...........#
#..#######.##
#h...# #.#
#..@..#.# #.#
#######.# #.# #
#.# #.#### #...<#
######


You could see Sigmund.

Vanquished Creatures
  A dart slug (D:1)
  A bat (D:1)
  6 endoplasms
  A goblin (D:1)
  2 hobgoblins (D:1)
  A kobold (D:1)
  2 quokkas (D:1)
  3 ball pythons (D:1)
  A frilled lizard (D:1)
  A rat (D:1)
19 creatures vanquished.

Notes
Turn   | Place    | Note
-------+----------+-------------------------------------------
     0 | D:1      | runemasterragnar the Minotaur Shapeshifter began the quest
                  | for the Orb.
     0 | D:1      | Reached XP level 1. HP: 16/16 MP: 0/0
   247 | D:1      | Reached XP level 2. HP: 23/23 MP: 1/1
   652 | D:1      | Found a faded altar of an unknown god.
   663 | D:1      | Prayed at the altar of an unknown god.
   663 | D:1      | Became a worshipper of Qazlal Stormbringer
   663 | D:1      | Reached * piety under Qazlal
   858 | D:2      | Found a shimmering altar of Xom.
   861 | D:2      | Noticed Sigmund
   871 | D:2      | Slain by Sigmund

Illustrated notes

Levels and vault maps discovered:
D:1:      lightli_arrival_isolated_outpost, layout_loops_ring,
          shapermc_ecumenical_altar_notcrosses, fountainhead
D:2:      layout_basic, basic_altar, serial_shops,
          nicolae_shop_just_a_little_nook, uniq_sigmund, uniq_crazy_yiuf_cottage

Action                     || total
---------------------------++-------
  Melee: Unarmed           ||    14
         Hand axe          ||    26
         Headbutt          ||     6
    Use: Potion            ||     1
 Armour: Animal skin       ||     4
         Leather armour    ||    18
  Dodge: Dodged            ||    20

Table legend: (Time is in decaauts)
 A = Elapsed time spent in this place.
 B = Non-inter-level travel time spent in this place.
 C = Inter-level travel time spent in this place.
 D = Time resting spent in this place.
 E = Time spent auto-exploring this place.
 F = Levels seen in this place.
 G = Mean time per level.
                   A        B        C        D        E       F      G
               +--------+--------+--------+--------+--------+-----+--------+
         Total |    888 |    834 |     54 |      0 |    684 |   2 |  444.0 |
       Dungeon |    888 |    834 |     54 |      0 |    684 |   2 |  444.0 |
               +--------+--------+--------+--------+--------+-----+--------+

Top non-repeatable levels by time:
     D:1: 859 daAuts
     D:2: 29 daAuts
